 Dungeon Crawl Stone Soup version 0.14.1-24-gbdbe590 (webtiles) character file.

48 Kenran the Slasher (level 3, 0/31 HPs)
             Began as a Minotaur Fighter on June 18, 2014.
             Slain by a rat (1 damage)
             ... on Level 1 of the Dungeon.
             The game lasted 00:02:43 (778 turns).

Kenran the Slasher (Minotaur Fighter)                Turns: 778, Time: 00:02:43

HP   0/31        AC  6     Str 20      XL: 3   Next:  8%
MP   2/2         EV  6     Int  5      God:
Gold 16          SH 18     Dex 10      Spells:  0 memorised,  2 levels left

rFire  . . .     SeeInvis .     a - +0 long sword
rCold  . . .     Clarity  .     b - +0 scale mail
rNeg   . . .     Conserve .     c - +0 shield
rPois  .         rCorr    .     (helmet restricted)
rElec  .         rRot     .     (no cloak)
SustAb . .       Spirit   .     (no gloves)
rMut   .         Warding  .     (no boots)
Saprov . . .     Stasis   .     (no amulet)
MR     .....                    (no ring)
                                (no ring)

@: not resistant to hostile enchantments, extremely unstealthy
A: retaliatory headbutt, horns 2
a: no special abilities


You were on level 1 of the Dungeon.
You were not hungry.

You visited 1 branch of the dungeon, and saw 1 of its levels.

You collected 16 gold pieces.

Inventory:

Hand weapons
 a - a +0,+0 long sword (weapon)
Armour
 b - a +0 scale mail (worn)
 c - a +0 shield (worn)
Comestibles
 d - a bread ration
 i - a meat ration
Scrolls
 g - a scroll of fog {unknown}
 l - a scroll of immolation {unknown}
 n - a scroll of magic mapping {unknown}
 o - a scroll of amnesia {unknown}
Jewellery
 m - a cursed -6 ring of strength {unknown}
Potions
 e - a potion of might
 f - a potion of brilliance {unknown}
 h - a potion of restore abilities {unknown}
 j - a potion of invisibility {unknown}
 k - a potion of heal wounds {unknown}


   Skills:
 - Level 3.6 Fighting
 + Level 4.3 Long Blades
 - Level 3.6 Armour
 - Level 3.6 Shields


You had 2 spell levels left.
You didn't know any spells.

Dungeon Overview and Level Annotations

Branches:
Dungeon (1/15)

Altars:


Innate Abilities, Weirdness & Mutations

You reflexively headbutt those who attack you in melee.
You have a pair of horns on your head.


Message History

The dart misses you.
The dart hits the giant cockroach.
The giant cockroach bites you but does no damage.
The jelly hits you but does no damage.
You slash the ooze! You headbutt the ooze!
You kill the ooze!
You block the jelly's attack. The rat bites you but does no damage.
You block the giant cockroach's attack. You block the rat's attack.
The jelly hits you.
You are splashed with acid!
The acid burns!
The jelly hits you but does no damage. The kobold hits you but does no damage.
The jelly hits you.
You are splashed with acid!
The acid burns!
* * * LOW HITPOINT WARNING * * *
The rat barely misses you.
The kobold throws a dart.
The dart hits you!
* * * LOW HITPOINT WARNING * * *
You hear a slurping noise.
The giant cockroach bites you but does no damage.
You see here a dart.
The kobold throws a dart.
The dart misses you. The rat bites you.
You die...

.#### #.# #.....#.#.
....###.###### #....####.
....##.....K.###########.........
....##......r.r........#...######
....##.###J#######'###s#...# #.
.#####.#..⌠...>...⌠..#.#...#####.
.# #.#......<.rKJ..#...........
.#####.'⌠....###.rs.⌠'........##.
....##.#........@JrJ.#.#...##.##.
###.##.#######'#######.....##.#..
....##.#.....w.......#.#........#
....##.#.............#.#%.###.#.#
...%##.#.............#.#......#.#
....##.###############.#..##.##.#
....##.................#...#.##.#
........................>..#.##.#
...#################.#####.#.##.#


You could see a worm, 3 jellies, a giant cockroach, a kobold and 3 rats.

Vanquished Creatures
  2 giant geckos (D:1)
  4 oozes (D:1)
  2 giant cockroaches (D:1)
  4 hobgoblins (D:1)
  2 bats (D:1)
  3 giant newts (D:1)
  A goblin (D:1)
  4 jackals (D:1)
  A kobold (D:1)
  3 rats (D:1)
26 creatures vanquished.

Notes
Turn   | Place    | Note
--------------------------------------------------------------
     0 | D:1      | Kenran, the Minotaur Fighter, began the quest for the Orb.
     0 | D:1      | Reached XP level 1. HP: 19/19 MP: 1/1
     0 | D:1      | Noticed a jelly
   294 | D:1      | Reached XP level 2. HP: 26/26 MP: 1/1
   728 | D:1      | Reached skill level 4 in Long Blades
   774 | D:1      | Reached XP level 3. HP: 25/31 MP: 2/2
   777 | D:1      | HP: 1/31 [kobold/ dart (1)]
   778 | D:1      | Slain by a rat

Action                   || total
-------------------------++-------
Melee: Long sword        ||    65
